 Dungeon Crawl Stone Soup version 0.20.1-1-g8b1a95d66d (webtiles) character file.

4428 MondaySad the Cleaver (level 10, -6/78 HPs)
             Began as a Minotaur Berserker on Nov 23, 2017.
             Was an Elder of Trog.
             Killed from afar by a steam dragon (18 damage)
             ... with a ball of steam
             ... on level 7 of the Dungeon.
             The game lasted 00:23:56 (6613 turns).

MondaySad the Cleaver (Minotaur Berserker)          Turns: 6613, Time: 00:23:56

Health: -6/78      AC: 19    Str: 24    XL:     10   Next: 14%
Magic:  9/9        EV:  8    Int:  4    God:    Trog [****..]
Gold:   307        SH: 16    Dex: 11    Spells: 9/9 levels left

rFire    . . .     SeeInvis .   e - +0 war axe (elec)
rCold    . . .     Gourm    .   E - +0 shield
rNeg     . . .     Faith    .   t - +0 plate armour
rPois    .         Spirit   .   (helmet restricted)
rElec    .         Reflect  +   H - +2 cloak
rCorr    .         Harm     .   u - +0 pair of gloves
MR       .....                  d - +0 pair of boots
Stlth    ..........             F - +5 amulet of reflection
Regen    0.3/turn               (no ring)
MPRegen  0.2/turn               (no ring)

@: flying
A: retaliatory headbutt, horns 2
a: Berserk, Trog's Hand, Brothers in Arms, Burn Spellbooks, Renounce Religion


You were on level 7 of the Dungeon.
You worshipped Trog.
Trog was greatly pleased with you.
You were not hungry.

You visited 1 branch of the dungeon, and saw 7 of its levels.

You collected 307 gold pieces.

Inventory:

Hand Weapons
 e - a +0 war axe of electrocution (weapon)
Armour
 d - a +0 pair of boots (worn)
 t - a +0 plate armour (worn)
 u - a +0 pair of gloves (worn)
 E - a +0 shield (worn)
 H - a +2 cloak (worn)
Jewellery
 p - an uncursed amulet of harm
 F - a +5 amulet of reflection (around neck)
Wands
 y - a wand of digging (13/24)
 A - a wand of acid (5/15)
Scrolls
 b - a scroll of fear {unknown}
 i - 2 scrolls of enchant armour {unknown}
 l - 3 scrolls of remove curse
 n - 5 scrolls of teleportation {unknown}
 r - a scroll of recharging {unknown}
 v - 3 scrolls of magic mapping {unknown}
 w - a scroll of random uselessness {unknown}
 B - 3 scrolls of amnesia {unknown}
 I - a scroll of identify
 J - 2 scrolls of fog {unknown}
 L - a scroll of blinking {unknown}
Potions
 a - a potion of degeneration {unknown}
 f - a potion of resistance
 g - 4 potions of agility
 m - a potion of mutation
 o - 2 potions of curing
 q - 2 potions of haste
 s - a potion of berserk rage
 z - a potion of heal wounds {unknown}
 C - a potion of lignification {unknown}
 D - a potion of magic {unknown}
 G - 2 potions of brilliance {unknown}
 M - a potion of invisibility {unknown}
Books
 K - a book of Geomancy

   Spells                             Type                      Level
   a - Sandblast                      Earth                        1
   b - Passwall                       Transmutation/Earth          2
   c - Stone Arrow                    Conjuration/Earth            3
   d - Petrify                        Transmutation/Earth          4
   e - Lee's Rapid Deconstruction     Earth                        5
   Trog disapproves of the use of such an item.
Comestibles
 c - 6 bread rations
 h - 5 fruits
 j - 5 meat rations
 k - 2 royal jellies


   Skills:
 - Level 3.8 Fighting
 + Level 11.8 Axes
 + Level 8.3 Armour
 + Level 7.2 Dodging
 + Level 7.6 Shields


You had 9 spell levels left.
You didn't know any spells.

Dungeon Overview and Level Annotations

Branches:
Dungeon (7/15)             Temple (0/1) D:4

Altars:
Gozag
Nemelex Xobeh
Vehumet

Shops:
D:5 *


Innate Abilities, Weirdness & Mutations

You reflexively headbutt those who attack you in melee.
You have a pair of horns on your head.


Message History

The steam dragon hisses angrily.
A big kobold comes into view.
It is wielding a quarterstaff of protection.
The big kobold shouts!
You feel very buoyant.
You fly up into the air.
Things that are here:
a flail; a leather armour You recover from your berserk rage.
The steam dragon breathes steam at you. The ball of steam hits you!
* * * LOW HITPOINT WARNING * * *
You are engulfed in a cloud of scalding steam.
* * * LOW HITPOINT WARNING * * *
Really fly into that cloud of steam? [Y]es or [N]o only, please.
Really fly into that cloud of steam?
You are engulfed in a cloud of scalding steam.
The steam dragon breathes steam at you. The ball of steam hits you!
You die...

#..........### #.#.##.#### #.
#######..####.#.#.# #.##.## #.
#))......... #.#.#.# ## #.
#.)####.#.#.# #.#.#.##. #.
#)..####.#.#. #.#.#.#.# #.
###..#..####....#K#.#.#.####.
###....###..####..#D#.#..###...
###.[....#
###..####.§#.####...##
..)......# ###@§###..###.......
.........# ###§.D###...#####.
.........# ###..####...### #.
#........# ###..###....### #.
..#####..###..###..)..## #. ###
#..#..###...##.## ##
#...###...###..#
#.............##
#........######


There were no monsters in sight!

Vanquished Creatures
  A death knight (D:7)
  A centaur warrior (D:7)
  A hornet (D:7)
  Prince Ribbit (D:7)
  5 orc warriors
  Duvessa (D:4)
  A black bear (D:7)
  A hornet zombie (D:7)
  An ogre (D:7)
  4 centaurs
  A big kobold (D:6)
  2 bullfrogs
  Blork the orc (D:5)
  Dowan (D:4)
  4 scorpions
  4 wights (D:7)
  3 killer bees (D:7)
  A howler monkey (D:4)
  A bullfrog zombie (D:7)
  A bullfrog skeleton (D:4)
  A centaur zombie (D:7)
  Crazy Yiuf (D:5)
  2 orc priests
  A jelly (D:5)
  3 orc wizards
  An iguana (D:4)
  10 worker ants
  A mummy (D:7)
  A howler monkey skeleton (D:6)
  10 adders
  A shadow imp (D:7)
  2 adder skeletons
  2 worms
  2 dart slugs (D:2)
  5 leopard geckos
  16 orcs
  6 giant cockroaches
  13 goblins
  10 hobgoblins
  3 jackals
  5 quokkas
  5 ball pythons
  7 bats
  3 frilled lizards
  A hobgoblin zombie (D:7)
  A jackal zombie (D:5)
  10 kobolds
  2 kobold zombies (D:7)
  An orc zombie (D:7)
  10 rats
  3 bushes (D:6)
  A plant (D:6)
176 creatures vanquished.

Vanquished Creatures (collateral kills)
  A hound (D:7)
  A worker ant (D:7)
  An orc (D:7)
  A giant cockroach (D:7)
4 creatures vanquished.

Grand Total: 180 creatures vanquished

Notes
Turn   | Place    | Note
-------+----------+-------------------------------------------
     0 | D:1      | MondaySad the Minotaur Berserker began the quest for the Orb.
     0 | D:1      | Reached XP level 1. HP: 19/19 MP: 0/0
   163 | D:1      | Reached XP level 2. HP: 24/27 MP: 1/1
   185 | D:1      | Reached skill level 4 in Axes
   648 | D:1      | Reached ** piety under Trog
   909 | D:2      | Reached XP level 3. HP: 27/33 MP: 2/2
  1066 | D:2      | Reached skill level 5 in Axes
  1122 | D:2      | Reached XP level 4. HP: 37/40 MP: 3/3
  1238 | D:2      | Found a sparkling altar of Nemelex Xobeh.
  1678 | D:3      | Reached skill level 6 in Axes
  1870 | D:3      | Reached XP level 5. HP: 41/46 MP: 4/4
  2197 | D:4      | Noticed Duvessa
  2197 | D:4      | Noticed Dowan
  2210 | D:4      | Killed Duvessa
  2210 | D:4      | Reached *** piety under Trog
  2210 | D:4      | Reached skill level 7 in Axes
  2222 | D:4      | Killed Dowan
  2222 | D:4      | Reached skill level 8 in Axes
  2222 | D:4      | Reached XP level 6. HP: 18/52 MP: 5/5
  2771 | D:4      | Reached skill level 9 in Axes
  2887 | D:4      | Found a staircase to the Ecumenical Temple.
  2977 | D:5      | Entered Level 5 of the Dungeon
  2986 | D:5      | Reached XP level 7. HP: 46/58 MP: 6/6
  3206 | D:5      | Reached skill level 1 in Shields
  3265 | D:5      | Found Qaijeiwk's Assorted Antiques.
  3386 | D:5      | Found a runed door.
  3452 | D:5      | Noticed Blork the orc
  3464 | D:5      | Killed Blork the orc
  3756 | D:5      | Noticed Crazy Yiuf
  3779 | D:5      | Killed Crazy Yiuf
  4401 | D:6      | Found an opulent altar of Gozag.
  4487 | D:6      | Reached XP level 8. HP: 59/66 MP: 7/7
  4490 | D:6      | Reached skill level 10 in Axes
  4582 | D:6      | Reached **** piety under Trog
  4619 | D:6      | Found a radiant altar of Vehumet.
  4883 | D:6      | Reached skill level 5 in Armour
  5559 | D:7      | Reached skill level 5 in Dodging
  5573 | D:7      | Noticed Prince Ribbit
  5582 | D:7      | Reached skill level 5 in Shields
  5592 | D:7      | Killed Prince Ribbit
  5592 | D:7      | Reached XP level 9. HP: 14/71 MP: 8/8
  6050 | D:7      | Reached skill level 11 in Axes
  6547 | D:7      | Noticed a centaur warrior
  6547 | D:7      | Noticed a death knight
  6557 | D:7      | Killed a centaur warrior
  6573 | D:7      | Killed a death knight
  6573 | D:7      | Reached XP level 10. HP: 24/78 MP: 9/9
  6613 | D:7      | Killed from afar by a steam dragon

Skill      XL: |  1  2  3  4  5  6  7  8  9 |
---------------+----------------------------+-----
Axes           | 4 5 6 8 9 10 11 | 11.8
Shields        | 2 5 7 |  7.6
Armour         | 4 6 8 |  8.3
Dodging        | 3 5 7 |  7.2
Fighting       | |  3.8

Action                   |  1- 3 |  4- 6 |  7- 9 | 10-12 || total
-------------------------+-------+-------+-------+-------++-------
Melee: Hand axe          |    86 |   137 |    77 |       ||   300
       Headbutt          |    12 |    17 |    51 |     2 ||    82
       War axe           |       |       |   203 |     5 ||   208
Invok: Berserk           |     1 |     1 |     6 |       ||     8
       Brothers in Arms  |       |       |     1 |       ||     1
  Use: Scroll            |       |       |     8 |       ||     8
       Potion            |       |       |       |     1 ||     1
 Stab: Distracted        |       |       |       |     1 ||     1
  Eat: Chunk             |     1 |     3 |    12 |     1 ||    17
       Bread ration      |       |     1 |     1 |       ||     2
Armor: Scale mail        |    44 |    16 |       |       ||    60
       Animal skin       |     3 |       |       |       ||     3
       Plate armour      |       |    40 |   125 |     2 ||   167
Dodge: Dodged            |    51 |    48 |    47 |       ||   146
Block: Shield            |       |       |   114 |     3 ||   117
